 Dungeon Crawl Stone Soup version 0.22-a0-283-g1871b15 (webtiles) character file.

8957 tidbits the Martial Artist (level 11, -9/83 HPs)
             Began as a Gnoll Transmuter on Mar 19, 2018.
             Was an Elder of Cheibriados.
             Mangled by a white ugly thing (34 damage)
             ... on level 11 of the Dungeon.
             The game lasted 00:33:50 (2655 turns).

tidbits the Martial Artist (Gnoll Transmuter)       Turns: 2655, Time: 00:33:51

Health: -9/83      AC: 11    Str: 23 (24) XL:     11   Next: 39%
Magic:  5/23       EV: 19    Int: 27      God:    Cheibriados [****..]
Gold:   125        SH:  0    Dex: 24 (25) Spells: 4/26 levels left

rFire    . . .     SeeInvis .     - Unarmed
rCold    . . .     Gourm    .   (shield currently unavailable)
rNeg     . . .     Faith    .   B - +2 robe {Archmagi}
rPois    +         Spirit   .   E - +0 helmet
rElec    .         Reflect  .   C - +1 cloak {rPois}
rCorr    .         Harm     .   (gloves currently unavailable)
MR       .....                  F - +0 pair of boots
Stlth    ++++......             (no amulet)
HPRegen  0.23/turn              u - +2 ring of strength
MPRegen  0.18/turn              (no ring)

@: blade hands, very slow
A: distributed training, fangs 1, slimy green scales 1, subdued magic 1, strong
nose
a: End Transformation, Bend Time, Temporal Distortion, Slouch, Renounce Religion


You were on level 11 of the Dungeon.
You worshipped Cheibriados.
Cheibriados was greatly pleased with you.
You were hungry.
You had blades for hands.
You visited 1 branch of the dungeon, and saw 11 of its levels.
You also visited: Ossuary.

You collected 335 gold pieces.
You spent 210 gold pieces at shops.

Inventory:

Hand Weapons
 a - a +0 dagger (melded)
 g - a +0 flail
 s - a +1 rapier of protection
   (You found it on level 5 of the Dungeon)
 v - a +0 shortbow
 y - a +0 war axe
 H - a cursed -3 long sword
 I - a +1 war axe of electrocution
   (You found it on level 6 of the Dungeon)
 O - a +1 shortbow of flaming
   (You took it off a centaur on level 11 of the Dungeon)
Missiles
 k - 93 stones
 l - 14 tomahawks (quivered)
 m - 122 arrows
 K - 29 sling bullets
Armour
 j - a +0 ring mail
 w - a +0 robe
 A - a +1 robe of cold resistance
   (You found it in an ossuary)
 B - a +2 robe of the Archmagi (worn)
   (You took it off an orc wizard on level 6 of the Dungeon)
 C - a +1 cloak of poison resistance (worn)
   (You bought it in a shop on level 6 of the Dungeon)
 D - a cursed +0 buckler (melded)
 E - a +0 helmet (worn)
 F - a +0 pair of boots (worn)
 G - a +0 pair of gloves (melded)
 M - a +0 hat
Jewellery
 u - a +2 ring of strength (left scythe-like blade)
   (You found it on level 4 of the Dungeon)
Wands
 N - a wand of clouds (2)
Scrolls
 b - 2 scrolls of fear
 d - 2 scrolls of random uselessness
 i - 3 scrolls of amnesia
 n - 2 scrolls of teleportation
 r - 2 scrolls of remove curse
 L - 2 scrolls of enchant weapon
Potions
 e - a potion of cancellation
 f - 2 potions of lignification
 o - a potion of ambrosia
 p - a potion of flight
 q - 2 potions of degeneration
 t - 3 potions of haste
 x - 3 potions of curing
 z - a potion of magic
 J - a potion of brilliance
Comestibles
 c - 10 rations
 h - 2 chunks of flesh


   Skills:
 + Level 6.7 Fighting
 + Level 6.1 Short Blades
 + Level 6.1 Long Blades
 + Level 6.1 Axes
 + Level 6.1 Maces & Flails
 + Level 6.1 Polearms
 + Level 6.1 Staves
 + Level 6.1 Slings
 + Level 6.1 Bows
 + Level 6.1 Crossbows
 + Level 6.1 Throwing
 + Level 6.1 Armour
 + Level 7.7 Dodging
 + Level 6.1 Stealth
 + Level 6.1 Shields
 + Level 9.1 Unarmed Combat
 + Level 8.0 Spellcasting
 + Level 5.1 Conjurations
 + Level 5.1 Hexes
 + Level 5.1 Charms
 + Level 5.1 Summonings
 + Level 5.1 Necromancy
 + Level 5.1 Translocations
 + Level 6.4 Transmutations
 + Level 5.1 Fire Magic
 + Level 5.1 Ice Magic
 + Level 5.1 Air Magic
 + Level 5.1 Earth Magic
 + Level 5.1 Poison Magic
 + Level 6.7 Invocations
 + Level 6.1 Evocations


You had 4 spell levels left.
You knew the following spells:

 Your Spells              Type           Power        Failure   Level  Hunger
a - Sandblast             Erth           #####.       11%         1    None
b - Beastly Appendage     Tmut           ######       9%          1    None
e - Petrify               Tmut/Erth      #####...     28%         4    ##.....
h - Blade Hands           Tmut           ######....   43%         5    ####...
i - Ice Form              Ice/Tmut       #####...     28%         4    ##.....
k - Sticks to Snakes      Tmut           ######..     10%         2    None
p - Passwall              Tmut/Erth      #####.....   11%         2    None
P - Spider Form           Tmut/Pois      #####.....   16%         3    None


Dungeon Overview and Level Annotations

Branches:
Dungeon (11/15)            Temple (0/1) D:7
   Lair: D:8-11         Orc: D:9-12

Altars:
Cheibriados
Nemelex Xobeh
Qazlal
Vehumet
Xom
The Shining One

Shops:
D:6 [


Innate Abilities, Weirdness & Mutations

Your experience applies equally to all skills.
You have very sharp teeth.
Your uncanny sense of smell can sniff out nearby items.
You are partially covered in slimy green scales. (AC +2)
Your spells are a little easier to cast, but a little less powerful.


Message History

a giant spiked club; a giant club; a two-headed ogre corpse The bullfrog hits you.
The centaur warrior shoots an arrow.
The arrow barely misses you. The bullfrog completely misses you.
The bullfrog hits you.
The centaur warrior shoots an arrow.
The arrow hits you!
* * * LOW HITPOINT WARNING * * *
You see here 2 arrows.
The bullfrog misses you.
Things that are here:
a giant spiked club; a dire flail of draining; a hornet corpse You shred the bullfrog!!!
You kill the bullfrog!
Cheibriados thoroughly appreciates the change of pace.
You slice the centaur warrior!!
The centaur warrior is severely wounded.
The centaur warrior unwields an uncursed longbow.
The centaur warrior completely misses you.
You slash the centaur warrior!
The centaur warrior is severely wounded.
The centaur warrior hits you but does no damage.
The centaur warrior hits you.
* * * LOW HITPOINT WARNING * * *
You hit the centaur warrior.
The centaur warrior is almost dead.
The centaur warrior hits you!
* * * LOW HITPOINT WARNING * * *
You slash the centaur warrior!
You bite the centaur warrior, but do no damage.
The centaur warrior is almost dead.
The centaur warrior misses you.
You hit the centaur warrior.
You kill the centaur warrior!
Cheibriados thoroughly appreciates the change of pace.
You feel your intelligence returning.
Your Spellcasting skill increases to level 8!
A hippogriff comes into view.
Your hands revert to their normal proportions.
Your +0 dagger unmelds from your body.
Your +0 pair of gloves unmelds from your body.
Your cursed +0 buckler unmelds from your body.
The hippogriff moves out of view.
You block the orc zombie's attack.
A cyan ugly thing comes into view.
Press: ? - help, v - describe, . - travel, g - get item
Here: an orc zombie An uncursed longbow.
There is something else lying underneath.
The floor, spattered with blood.
You see here a troll corpse.
What are your orders? t - Bark!
Orders for allies: a - Attack new target. r - Retreat! s - Stop attacking. g - Guard the area. f - Follow me.
Anything else - Cancel.
You bark for attention!
You hear a horrible gurgling sound! x2
You hear a shout!
Evoke which item? (* to show all) (? for menu, Esc to quit)
Aiming: Cloud Cone
Press: ? - help, Dir - move target cursor, f - white ugly thing
Aim: a white ugly thing You create a blast of noxious fumes!
The white ugly thing is engulfed in noxious fumes.
You block the white ugly thing's attack.
Unknown command.
Evoke which item? (* to show all) (? for menu, Esc to quit)
Okay, then.
Casting: Blade Hands (slightly dangerous; 9% risk of failure)
Confirm with . or Enter, or press ? or * to list all spells.
You feel a surge of power!
Your hands turn into razor-sharp scythe blades.
Your +0 dagger melds into your body.
Your +0 pair of gloves melds into your body.
Your cursed +0 buckler melds into your body.
The white ugly thing is engulfed in noxious fumes.
The white ugly thing appears confused.
The white ugly thing completely misses you.
Unknown command.
You catch the helpless white ugly thing completely off-guard!
You slash the white ugly thing! You bite the white ugly thing.
The white ugly thing is lightly wounded.
The cyan ugly thing is engulfed in noxious fumes.
The cyan ugly thing appears confused.
The cyan ugly thing kicks the hippogriff!
The cyan ugly thing shocks the hippogriff!
The white ugly thing is engulfed in noxious fumes.
Unknown command.
You slash the white ugly thing!
The white ugly thing is moderately wounded.
The hippogriff is engulfed in noxious fumes.
The hippogriff appears confused.
The hippogriff bites the orc zombie.
The hippogriff pecks the orc zombie!
The orc zombie is destroyed!
Cheibriados appreciates the change of pace.
The cyan ugly thing is engulfed in noxious fumes.
You barely miss the white ugly thing. Your bite misses the white ugly thing.
The white ugly thing is moderately wounded.
The white ugly thing is engulfed in noxious fumes.
The white ugly thing pecks you.
* * * LOW HITPOINT WARNING * * *
The white ugly thing freezes you!!
You die...

#####..####.8
#∆#!.........
#.#.###.####.####.#
...................
.........u§§.......
..##.....H§###.....
#.#####§# #... ##
#. #u# ..#.. # #@#
.#.# #.# #.# #÷#
#.# #.# #.# #.#
#.#####.##### #.#
#...........#
#.#########.###.#
#.........#.#
#########.#.###


You could see 2 ugly things and a hippogriff (confused).

Vanquished Creatures
  Gastronok (D:9)
  A centaur warrior (D:11)
  3 two-headed ogres (D:11)
  A cyclops (D:10)
  Joseph (D:7)
  A kobold demonologist (D:11)
  2 trolls (D:11)
  A hornet (D:11)
  A vampire (D:11)
  2 water moccasins (D:9)
  A black bear (D:11)
  2 orc warriors
  2 ice beasts (D:7)
  A sky beast (D:5)
  An ogre (D:6)
  7 centaurs
  5 bullfrogs
  An elf zombie (Ossuary)
  A water moccasin skeleton (D:6)
  A killer bee (D:11)
  4 wights (D:9)
  4 crimson imps
  4 hounds
  A quasit (D:7)
  A centaur zombie (Ossuary)
  4 orc priests
  A bullfrog skeleton (D:5)
  2 centaur skeletons
  5 orc wizards
  2 worker ants
  A big kobold zombie (Ossuary)
  2 mummies (Ossuary)
  A worker ant zombie (D:11)
  Robin (D:2)
  4 adders
  7 gnolls
  A shadow imp (D:10)
  An adder skeleton (D:5)
  3 adder zombies
  2 worms
  3 dart slugs
  5 leopard geckos
  11 orcs
  3 giant cockroaches
  10 goblins
  5 hobgoblins
  11 jackals
  5 kobolds
  A quokka (D:4)
  2 ball pythons (D:3)
  3 bats
  4 frilled lizards
  3 goblin zombies
  6 hobgoblin zombies (Ossuary)
  3 jackal zombies (Ossuary)
  11 kobold zombies (Ossuary)
  A leopard gecko zombie (D:5)
  9 orc zombies
  A quokka skeleton (D:5)
  4 rats
  2 rat zombies (Ossuary)
190 creatures vanquished.

Vanquished Creatures (collateral kills)
  Grinder (D:4)
  Menkaure (D:4)
  A gnoll (D:6)
  A leopard gecko (D:11)
  A hobgoblin (D:2)
5 creatures vanquished.

Vanquished Creatures (others)
  A sky beast (D:11)
1 creature vanquished.

Grand Total: 196 creatures vanquished

Notes
Turn   | Place    | Note
-------+----------+-------------------------------------------
     0 | D:1      | tidbits the Gnoll Transmuter began the quest for the Orb.
     0 | D:1      | Reached XP level 1. HP: 17/17 MP: 6/6
    67 | D:2      | Reached XP level 2. HP: 17/23 MP: 5/7
    71 | D:2      | Learned a level 2 spell: Sticks to Snakes
   163 | D:2      | Reached XP level 3. HP: 27/28 MP: 9/9
   169 | D:2      | Learned a level 3 spell: Spider Form
   169 | D:2      | Reached skill level 5 in Spellcasting
   206 | D:2      | Found a glowing golden altar of the Shining One.
   239 | D:2      | Reached skill level 1 in Invocations
   240 | D:2      | Found a stormy altar of Qazlal.
   279 | D:2      | Found a radiant altar of Vehumet.
   416 | D:2      | Reached skill level 1 in Short Blades
   416 | D:2      | Reached skill level 1 in Long Blades
   416 | D:2      | Reached skill level 1 in Axes
   416 | D:2      | Reached skill level 1 in Maces & Flails
   416 | D:2      | Reached skill level 1 in Polearms
   416 | D:2      | Reached skill level 1 in Staves
   416 | D:2      | Reached skill level 1 in Slings
   416 | D:2      | Reached skill level 1 in Bows
   416 | D:2      | Reached skill level 1 in Crossbows
   416 | D:2      | Reached skill level 1 in Throwing
   416 | D:2      | Reached skill level 1 in Armour
   416 | D:2      | Reached skill level 1 in Stealth
   416 | D:2      | Reached skill level 1 in Shields
   416 | D:2      | Reached skill level 1 in Evocations
   416 | D:2      | Reached XP level 4. HP: 34/34 MP: 7/11
   439 | D:2      | Noticed Robin
   445 | D:2      | Killed Robin
   490 | D:2      | Found a shimmering altar of Xom.
   528 | D:3      | Reached skill level 1 in Conjurations
   528 | D:3      | Reached skill level 1 in Hexes
   528 | D:3      | Reached skill level 1 in Charms
   528 | D:3      | Reached skill level 1 in Summonings
   528 | D:3      | Reached skill level 1 in Necromancy
   528 | D:3      | Reached skill level 1 in Translocations
   528 | D:3      | Reached skill level 1 in Fire Magic
   528 | D:3      | Reached skill level 1 in Ice Magic
   528 | D:3      | Reached skill level 1 in Air Magic
   528 | D:3      | Reached skill level 1 in Earth Magic
   528 | D:3      | Reached skill level 1 in Poison Magic
   594 | D:3      | Reached XP level 5. HP: 40/40 MP: 7/12
   737 | D:4      | Noticed Grinder
   772 | D:4      | Paralysed by Grinder for 5 turns
   776 | D:4      | HP: 3/40 [Grinder (2)]
   777 | D:4      | Killed Grinder
   777 | D:4      | Reached skill level 3 in Fighting
   777 | D:4      | Reached skill level 4 in Transmutations
   777 | D:4      | Reached skill level 2 in Invocations
   777 | D:4      | Reached XP level 6. HP: 4/47 MP: 4/13
   785 | D:4      | Noticed Menkaure
   842 | D:4      | Found a snail-covered altar of Cheibriados.
   858 | D:4      | Reached skill level 2 in Short Blades
   858 | D:4      | Reached skill level 2 in Long Blades
   858 | D:4      | Reached skill level 2 in Axes
   858 | D:4      | Reached skill level 2 in Maces & Flails
   858 | D:4      | Reached skill level 2 in Polearms
   858 | D:4      | Reached skill level 2 in Staves
   858 | D:4      | Reached skill level 2 in Slings
   858 | D:4      | Reached skill level 2 in Bows
   858 | D:4      | Reached skill level 2 in Crossbows
   858 | D:4      | Reached skill level 2 in Throwing
   858 | D:4      | Reached skill level 2 in Armour
   858 | D:4      | Reached skill level 5 in Dodging
   858 | D:4      | Reached skill level 2 in Stealth
   858 | D:4      | Reached skill level 2 in Shields
   858 | D:4      | Reached skill level 2 in Evocations
   859 | D:4      | HP: 2/47 [orc/short sword (4)]
   874 | D:4      | Became a worshipper of Cheibriados the Contemplative
   945 | D:5      | Entered Level 5 of the Dungeon
   990 | D:5      | Noticed a sky beast
  1005 | D:5      | Killed a sky beast
  1005 | D:5      | Reached XP level 7. HP: 29/52 MP: 11/15
  1065 | D:5      | Learned a level 4 spell: Ice Form
  1107 | D:5      | Reached skill level 7 in Unarmed Combat
  1124 | D:5      | Reached skill level 2 in Conjurations
  1124 | D:5      | Reached skill level 2 in Hexes
  1124 | D:5      | Reached skill level 2 in Charms
  1124 | D:5      | Reached skill level 2 in Summonings
  1124 | D:5      | Reached skill level 2 in Necromancy
  1124 | D:5      | Reached skill level 2 in Translocations
  1124 | D:5      | Reached skill level 2 in Fire Magic
  1124 | D:5      | Reached skill level 2 in Ice Magic
  1124 | D:5      | Reached skill level 2 in Air Magic
  1124 | D:5      | Reached skill level 2 in Earth Magic
  1124 | D:5      | Reached skill level 2 in Poison Magic
  1151 | D:4      | Killed Menkaure
  1271 | D:5      | Reached skill level 3 in Invocations
  1347 | D:5      | Found a sand-covered staircase.
  1358 | D:5      | Reached * piety under Cheibriados
  1367 | Ossuary  | Entered an ossuary
  1444 | Ossuary  | Reached XP level 8. HP: 59/60 MP: 8/16
  1466 | Ossuary  | Reached skill level 4 in Fighting
  1474 | Ossuary  | Reached skill level 3 in Short Blades
  1474 | Ossuary  | Reached skill level 3 in Long Blades
  1474 | Ossuary  | Reached skill level 3 in Axes
  1474 | Ossuary  | Reached skill level 3 in Maces & Flails
  1474 | Ossuary  | Reached skill level 3 in Polearms
  1474 | Ossuary  | Reached skill level 3 in Staves
  1474 | Ossuary  | Reached skill level 3 in Slings
  1474 | Ossuary  | Reached skill level 3 in Bows
  1474 | Ossuary  | Reached skill level 3 in Crossbows
  1474 | Ossuary  | Reached skill level 3 in Throwing
  1474 | Ossuary  | Reached skill level 3 in Armour
  1474 | Ossuary  | Reached skill level 3 in Stealth
  1474 | Ossuary  | Reached skill level 3 in Shields
  1474 | Ossuary  | Reached skill level 3 in Evocations
  1491 | Ossuary  | Reached ** piety under Cheibriados
  1656 | D:6      | Found Vatwadosch's Antique Armour Boutique.
  1676 | D:6      | Reached skill level 6 in Spellcasting
  1776 | D:6      | Bought a glowing cloak for 210 gold pieces
  1787 | D:6      | Learned a level 5 spell: Blade Hands
  1849 | D:7      | Reached skill level 3 in Conjurations
  1849 | D:7      | Reached skill level 3 in Hexes
  1849 | D:7      | Reached skill level 3 in Charms
  1849 | D:7      | Reached skill level 3 in Summonings
  1849 | D:7      | Reached skill level 3 in Necromancy
  1849 | D:7      | Reached skill level 3 in Translocations
  1849 | D:7      | Reached skill level 3 in Fire Magic
  1849 | D:7      | Reached skill level 3 in Ice Magic
  1849 | D:7      | Reached skill level 3 in Air Magic
  1849 | D:7      | Reached skill level 3 in Earth Magic
  1849 | D:7      | Reached skill level 3 in Poison Magic
  1849 | D:7      | Reached skill level 4 in Invocations
  1909 | D:7      | Reached XP level 9. HP: 66/66 MP: 13/18
  1917 | D:7      | Learned a level 2 spell: Passwall
  1919 | D:7      | Learned a level 1 spell: Sandblast
  1934 | D:7      | Gained mutation: Your spells are a little easier to cast, but a little less powerful. [potion of mutation]
  1934 | D:7      | Gained mutation: You are partially covered in slimy green scales. (AC +2) [potion of mutation]
  1966 | D:7      | Reached skill level 6 in Dodging
  1966 | D:7      | Reached skill level 5 in Transmutations
  1974 | D:7      | Found a sparkling altar of Nemelex Xobeh.
  2050 | D:7      | Found a staircase to the Ecumenical Temple.
  2078 | D:7      | Noticed Joseph
  2085 | D:7      | Killed Joseph
  2085 | D:7      | Reached *** piety under Cheibriados
  2085 | D:7      | Reached skill level 4 in Short Blades
  2085 | D:7      | Reached skill level 4 in Long Blades
  2085 | D:7      | Reached skill level 4 in Axes
  2085 | D:7      | Reached skill level 4 in Maces & Flails
  2085 | D:7      | Reached skill level 4 in Polearms
  2085 | D:7      | Reached skill level 4 in Staves
  2085 | D:7      | Reached skill level 4 in Slings
  2085 | D:7      | Reached skill level 4 in Bows
  2085 | D:7      | Reached skill level 4 in Crossbows
  2085 | D:7      | Reached skill level 4 in Throwing
  2085 | D:7      | Reached skill level 4 in Armour
  2085 | D:7      | Reached skill level 4 in Stealth
  2085 | D:7      | Reached skill level 4 in Shields
  2085 | D:7      | Reached skill level 4 in Evocations
  2186 | D:9      | Noticed Gastronok
  2194 | D:9      | Reached skill level 5 in Fighting
  2202 | D:9      | Killed Gastronok
  2202 | D:9      | Reached skill level 5 in Short Blades
  2202 | D:9      | Reached skill level 5 in Long Blades
  2202 | D:9      | Reached skill level 5 in Axes
  2202 | D:9      | Reached skill level 5 in Maces & Flails
  2202 | D:9      | Reached skill level 5 in Polearms
  2202 | D:9      | Reached skill level 5 in Staves
  2202 | D:9      | Reached skill level 5 in Slings
  2202 | D:9      | Reached skill level 5 in Bows
  2202 | D:9      | Reached skill level 5 in Crossbows
  2202 | D:9      | Reached skill level 5 in Throwing
  2202 | D:9      | Reached skill level 5 in Armour
  2202 | D:9      | Reached skill level 5 in Stealth
  2202 | D:9      | Reached skill level 5 in Shields
  2202 | D:9      | Reached skill level 8 in Unarmed Combat
  2202 | D:9      | Reached skill level 7 in Spellcasting
  2202 | D:9      | Reached skill level 4 in Conjurations
  2202 | D:9      | Reached skill level 4 in Hexes
  2202 | D:9      | Reached skill level 4 in Charms
  2202 | D:9      | Reached skill level 4 in Summonings
  2202 | D:9      | Reached skill level 4 in Necromancy
  2202 | D:9      | Reached skill level 4 in Translocations
  2202 | D:9      | Reached skill level 4 in Fire Magic
  2202 | D:9      | Reached skill level 4 in Ice Magic
  2202 | D:9      | Reached skill level 4 in Air Magic
  2202 | D:9      | Reached skill level 4 in Earth Magic
  2202 | D:9      | Reached skill level 4 in Poison Magic
  2202 | D:9      | Reached skill level 5 in Invocations
  2202 | D:9      | Reached skill level 5 in Evocations
  2202 | D:9      | Reached XP level 10. HP: 69/76 MP: 12/20
  2322 | D:10     | Entered Level 10 of the Dungeon
  2334 | D:10     | Noticed a cyclops
  2342 | D:10     | Killed a cyclops
  2342 | D:10     | Reached skill level 7 in Dodging
  2433 | D:11     | Reached skill level 6 in Fighting
  2468 | D:11     | Noticed a two-headed ogre
  2478 | D:11     | Killed a two-headed ogre
  2478 | D:11     | Reached **** piety under Cheibriados
  2478 | D:11     | Reached skill level 6 in Transmutations
  2478 | D:11     | Reached skill level 6 in Invocations
  2482 | D:11     | Noticed a two-headed ogre
  2483 | D:11     | HP: 5/76 [two-headed ogre/giant spiked club (26)]
  2486 | D:11     | Noticed an eight-headed hydra
  2528 | D:11     | Noticed a white ugly thing
  2530 | D:11     | Learned a level 4 spell: Petrify
  2531 | D:11     | Noticed a centaur warrior
  2541 | D:11     | Killed a two-headed ogre
  2541 | D:11     | Reached XP level 11. HP: 41/82 MP: 15/22
  2579 | D:11     | Noticed a tengu warrior
  2586 | D:11     | Noticed a two-headed ogre
  2594 | D:11     | Killed a two-headed ogre
  2594 | D:11     | Reached skill level 6 in Short Blades
  2594 | D:11     | Reached skill level 6 in Long Blades
  2594 | D:11     | Reached skill level 6 in Axes
  2594 | D:11     | Reached skill level 6 in Maces & Flails
  2594 | D:11     | Reached skill level 6 in Polearms
  2594 | D:11     | Reached skill level 6 in Staves
  2594 | D:11     | Reached skill level 6 in Slings
  2594 | D:11     | Reached skill level 6 in Bows
  2594 | D:11     | Reached skill level 6 in Crossbows
  2594 | D:11     | Reached skill level 6 in Throwing
  2594 | D:11     | Reached skill level 6 in Armour
  2594 | D:11     | Reached skill level 6 in Stealth
  2594 | D:11     | Reached skill level 6 in Shields
  2594 | D:11     | Reached skill level 9 in Unarmed Combat
  2594 | D:11     | Reached skill level 5 in Conjurations
  2594 | D:11     | Reached skill level 5 in Hexes
  2594 | D:11     | Reached skill level 5 in Charms
  2594 | D:11     | Reached skill level 5 in Summonings
  2594 | D:11     | Reached skill level 5 in Necromancy
  2594 | D:11     | Reached skill level 5 in Translocations
  2594 | D:11     | Reached skill level 5 in Fire Magic
  2594 | D:11     | Reached skill level 5 in Ice Magic
  2594 | D:11     | Reached skill level 5 in Air Magic
  2594 | D:11     | Reached skill level 5 in Earth Magic
  2594 | D:11     | Reached skill level 5 in Poison Magic
  2594 | D:11     | Reached skill level 6 in Evocations
  2647 | D:11     | Killed a centaur warrior
  2647 | D:11     | Reached skill level 8 in Spellcasting
  2649 | D:11     | Noticed a cyan ugly thing
  2655 | D:11     | Mangled by a white ugly thing

Vault maps used:
D:1:      minmay_arrival_stair_chambers, st_stairs_4,
          corexii_item_surrounded_by_moat, kennysheep_boxes
D:2:      vehumet_crystals, overflow_temple_1_default,
          overflow_temple_1_default, lemuel_round_altar, minmay_octomino_j4,
          uniq_robin
D:4:      grunt_gozag_statues, kennysheep_slug_shrine,
          hangedman_abyss_or_decor_jellyfish_corner, uniq_menkaure,
          uniq_sigmund, uniq_grinder
D:5:      enter_ossuary_4, first_ration
D:6:      kennysheep_mini, lemuel_round_altar, serial_shops,
          nicolae_shop_competitors_out_of_business, trog_eyes_of_draining
D:7:      nemelex_xobeh_ov_fountains_minmay, temple_statues, serial_shops, shop,
          grunt_ogre_cave, uniq_joseph, uniq_prince_ribbit1
D:8:      nicolae_overflow_crystal_walls, uniq_maurice
D:9:      kennysheep_blocky_hall, amethyst_overflow_temple_binary,
          lair_entry_dummy, uniq_gastronok
D:11:     minmay_the_grid_square_5x5_4x4_mashed, zombieorc2_lemuel
Ossuary:  ossuary_tomb_1

Skill      XL: |  1  2  3  4  5  6  7  8  9 10 11 |
---------------+----------------------------------+-----
Spellcasting   | 5 6 7 8 |  8.0
Invocations    | 1 2 3 4 5 6 |  6.7
Short Blades   | 1 2 3 5 6 |  6.1
Long Blades    | 1 2 3 5 6 |  6.1
Axes           | 1 2 3 5 6 |  6.1
Maces & Flails | 1 2 3 5 6 |  6.1
Polearms       | 1 2 3 5 6 |  6.1
Staves         | 1 2 3 5 6 |  6.1
Slings         | 1 2 3 5 6 |  6.1
Bows           | 1 2 3 5 6 |  6.1
Crossbows      | 1 2 3 5 6 |  6.1
Throwing       | 1 2 3 5 6 |  6.1
Armour         | 1 2 3 5 6 |  6.1
Stealth        | 1 2 3 5 6 |  6.1
Shields        | 1 2 3 5 6 |  6.1
Evocations     | 1 2 3 5 6 |  6.1
Conjurations   | 1 2 3 4 5 |  5.1
Hexes          | 1 2 3 4 5 |  5.1
Charms         | 1 2 3 4 5 |  5.1
Summonings     | 1 2 3 4 5 |  5.1
Necromancy     | 1 2 3 4 5 |  5.1
Translocations | 1 2 3 4 5 |  5.1
Fire Magic     | 1 2 3 4 5 |  5.1
Ice Magic      | 1 2 3 4 5 |  5.1
Air Magic      | 1 2 3 4 5 |  5.1
Earth Magic    | 1 2 3 4 5 |  5.1
Poison Magic   | 1 2 3 4 5 |  5.1
Fighting       | 3 4 5 6 |  6.7
Transmutations | 4 5 6 |  6.4
Dodging        | 5 6 7 |  7.7
Unarmed Combat | 7 8 9 |  9.1

Action                   |  1- 3 |  4- 6 |  7- 9 | 10-12 || total
-------------------------+-------+-------+-------+-------++-------
Melee: Unarmed           |    45 |    93 |   210 |    71 ||   419
       Kick              |     2 |       |       |       ||     2
       Headbutt          |     3 |       |       |       ||     3
       Punch             |     1 |       |     5 |     5 ||    11
       Bite              |     2 |     1 |     8 |    10 ||    21
       Dagger            |       |     1 |    20 |     5 ||    26
Throw: Tomahawk          |       |       |       |     4 ||     4
 Cast: Beastly Appendage |     5 |       |       |       ||     5
       Sticks to Snakes  |     1 |     5 |    10 |     2 ||    18
       Spider Form       |     8 |    16 |    14 |       ||    38
       Ice Form          |       |       |     5 |       ||     5
       Blade Hands       |       |       |     6 |    12 ||    18
       Passwall          |       |       |       |     3 ||     3
       Petrify           |       |       |       |     2 ||     2
Invok: Bend Time         |       |       |       |     1 ||     1
 Abil: End Transformatio |       |       |     4 |     3 ||     7
Evoke: Wand              |       |       |       |     2 ||     2
  Use: Scroll            |       |     3 |     6 |     6 ||    15
       Potion            |       |     2 |     3 |     4 ||     9
 Stab: Sleeping          |     5 |     2 |     4 |     2 ||    13
       Distracted        |       |       |     4 |     1 ||     5
       Petrified         |       |       |       |     2 ||     2
       Confused          |       |       |       |     1 ||     1
  Eat: Chunk             |       |     2 |     5 |     1 ||     8
       Ration            |       |       |       |     1 ||     1
Armor: Robe              |     2 |     1 |    16 |    18 ||    37
       Skin              |       |     2 |    33 |       ||    35
Dodge: Dodged            |    22 |    67 |   172 |    79 ||   340
Block: Buckler           |       |       |     3 |     5 ||     8

Table legend:
 A = Spawn XP
 B = Non-spawn XP
 C = Spawn XP percentage of total XP
 D = Spawn monster count
 E = Non-spawn monster count
 F = Spawn count percentage of total count
 G = Total turns spent on level
                    A         B        C        D         E        F      G
               +---------+---------+-------+---------+---------+-------+---------
         Total |       0 |   12796 |   0.0 |       0 |     195 |   0.0 |  2655
               +---------+---------+-------+---------+---------+-------+---------
           D:1 |       0 |      18 |   0.0 |       0 |      10 |   0.0 |   184
           D:2 |       0 |     109 |   0.0 |       0 |      26 |   0.0 |   310
           D:3 |       0 |      78 |   0.0 |       0 |      21 |   0.0 |   239
           D:4 |       0 |     474 |   0.0 |       0 |      12 |   0.0 |   266
           D:5 |       0 |     494 |   0.0 |       0 |      19 |   0.0 |   431
           D:6 |       0 |     629 |   0.0 |       0 |      15 |   0.0 |   221
           D:7 |       0 |    1118 |   0.0 |       0 |      12 |   0.0 |   269
           D:9 |       0 |    2975 |   0.0 |       0 |      11 |   0.0 |   182
          D:10 |       0 |     652 |   0.0 |       0 |       7 |   0.0 |   101
          D:11 |       0 |    6022 |   0.0 |       0 |      24 |   0.0 |   232
       Ossuary |       0 |     227 |   0.0 |       0 |      38 |   0.0 |   180
               +---------+---------+-------+---------+---------+-------+---------

Table legend:
 A = Turns spent in this place as a percentage of turns spent in the entire game.
 B = Non-inter-level travel turns spent in this place as a percentage of non-inter-level travel turns spent in the entire game.
 C = Inter-level travel turns spent in this place as a percentage of turns spent in this place.
 D = Turns resting spent in this place as a percentage of non-inter-level travel turns spent in this place.
 E = Turns spent auto-exploring this place as a percentage of non-inter-level travel turns spent in this place.
 F = Non-inter-level travel turns spent in this place divided by the number of levels of this place that you've seen.
                   A       B       C       D       E      F
               +-------+-------+-------+-------+-------+----------------------
         Total | 100.0 | 100.0 |   0.8 |   0.0 |   0.0 | 219.4
       Dungeon |  93.2 |  93.2 |   0.9 |   0.0 |   0.0 | 223.0
       Ossuary |   6.8 |   6.8 |   0.0 |   0.0 |   0.0 | 180.0
               +-------+-------+-------+-------+-------+----------------------

Table legend:
 A = Kills in this place as a percentage of kills in entire the game.
 B = Kills by you in this place as a percentage of kills by you in the entire game.
 C = Kills by friends in this place as a percentage of kills by friends in the entire game.
 D = Other kills in this place as a percentage of other kills in the entire game.
 E = Experience gained in this place as a percentage of experience gained in the entire game.
 F = Experience gained in this place divided by the number of levels of this place that you have seen.
                   A       B       C       D       E      F
               +-------+-------+-------+-------+-------+----------------------
         Total | 100.0 | 100.0 | 100.0 | 100.0 | 100.0 | 1066.3
       Dungeon |  80.5 |  79.9 | 100.0 | 100.0 |  98.2 | 1142.6
       Ossuary |  19.5 |  20.1 |   0.0 |   0.0 |   1.8 | 227.0
               +-------+-------+-------+-------+-------+----------------------

Vault maps used:
D:1:      minmay_arrival_stair_chambers, st_stairs_4,
          corexii_item_surrounded_by_moat, kennysheep_boxes
D:2:      vehumet_crystals, overflow_temple_1_default,
          overflow_temple_1_default, lemuel_round_altar, minmay_octomino_j4,
          uniq_robin
D:4:      grunt_gozag_statues, kennysheep_slug_shrine,
          hangedman_abyss_or_decor_jellyfish_corner, uniq_menkaure,
          uniq_sigmund, uniq_grinder
D:5:      enter_ossuary_4, first_ration
D:6:      kennysheep_mini, lemuel_round_altar, serial_shops,
          nicolae_shop_competitors_out_of_business, trog_eyes_of_draining
D:7:      nemelex_xobeh_ov_fountains_minmay, temple_statues, serial_shops, shop,
          grunt_ogre_cave, uniq_joseph, uniq_prince_ribbit1
D:8:      nicolae_overflow_crystal_walls, uniq_maurice
D:9:      kennysheep_blocky_hall, amethyst_overflow_temple_binary,
          lair_entry_dummy, uniq_gastronok
D:11:     minmay_the_grid_square_5x5_4x4_mashed, zombieorc2_lemuel
Ossuary:  ossuary_tomb_1
